 Dungeon Crawl Stone Soup version 0.23-a0-164-g7711e57 (webtiles) character file.

36 digijack the Chucker (level 3, -2/30 HPs)
             Began as a Draconian Hunter on Sept 10, 2018.
             Shot with an arrow by a centaur (10 damage)
             ... on level 2 of the Dungeon.
             The game lasted 00:05:52 (1035 turns).

digijack the Chucker (Draconian Hunter)             Turns: 1035, Time: 00:05:53

Health: -2/30      AC:  7    Str: 14    XL:     3   Next: 19%
Magic:  3/3        EV: 12    Int: 11    God:
Gold:   39         SH:  0    Dex: 12    Spells: 2/2 levels left

rFire    . . .     SeeInvis .   a - +0 spear
rCold    . . .     Gourm    .   (no shield)
rNeg     . . .     Faith    .   (armour unavailable)
rPois    .         Spirit   .   (helmet restricted)
rElec    .         Reflect  .   (no cloak)
rCorr    .         Harm     .   (no gloves)
MR       .....                  g - +1 pair of boots
Stlth    +.........             (no amulet)
HPRegen  0.10/turn              (no ring)
MPRegen  0.08/turn              (no ring)

@: about to teleport
A: unfitting armour, cold-blooded, AC +5
a: no special abilities


You were on level 2 of the Dungeon.
You were not hungry.

You visited 1 branch of the dungeon, and saw 2 of its levels.

You collected 39 gold pieces.

Inventory:

Hand Weapons
 a - a +0 spear (weapon)
Missiles
 b - 6 javelins (quivered)
 c - 2 throwing nets
Armour
 g - a +1 pair of boots (worn)
Comestibles
 d - 3 rations
 f - 4 chunks of flesh


   Skills:
 + Level 2.9 Fighting
 + Level 4.0 Throwing
 + Level 2.4 Dodging
 - Level 0.8 Stealth


You had 2 spell levels left.
You didn't know any spells.
Your spell library was empty.

Dungeon Overview and Level Annotations

Branches:
Dungeon (2/15)

Altars:
Uskayaw


Innate Abilities, Weirdness & Mutations

Your plain brown scales are hard. (AC +5)
You cannot fit into any form of body armour.
You are cold-blooded and may be slowed by cold attacks.


Message History

You hit the centaur. You tail-slap the centaur.
The centaur is moderately wounded.
The centaur closely misses you. The centaur barely misses you.
You completely miss the centaur.
The centaur is moderately wounded.
The centaur hits you! The centaur barely misses you.
A worm comes into view.
You hit the centaur.
The centaur is heavily wounded.
The centaur hits you.
* * * LOW HITPOINT WARNING * * *
The centaur wields an uncursed shortbow.
The centaur shoots an arrow.
The arrow hits you but does no damage.
The centaur shoots an arrow.
The arrow completely misses you.
You see here an arrow.
The centaur shoots an arrow.
The arrow barely misses you.
As you read the scroll labeled TEIBAU LATS, it crumbles to dust.
You feel strangely unstable.
It was a scroll of teleportation.
The centaur shoots an arrow.
The arrow hits you!
You die...

.###.# ..#... #.
#...#. .. ..## .#
..# .# ... .#
.###.. .# ..#
#########.#.####
#...
#.(.(.@()cw....#
.##
###.#######.#.##.#
. ..#.# .# #.#.#
(# #.#.# .. #.#.#
.. #.#.# ...
###.#.###### #..
#............


You could see a centaur and a worm.

Vanquished Creatures
  2 oozes (D:2)
  A dart slug (D:1)
  5 bats
  5 goblins
  A hobgoblin (D:1)
  2 jackals (D:1)
  3 kobolds (D:1)
  A ball python (D:2)
  A frilled lizard (D:1)
  4 rats (D:1)
25 creatures vanquished.

Notes
Turn   | Place    | Note
-------+----------+-------------------------------------------
     0 | D:1      | digijack the Draconian Hunter began the quest for the Orb.
     0 | D:1      | Reached XP level 1. HP: 17/17 MP: 1/1
   164 | D:1      | Reached XP level 2. HP: 24/25 MP: 2/2
   925 | D:2      | Reached XP level 3. HP: 30/30 MP: 3/3
   930 | D:2      | Found a hide-covered altar of Uskayaw.
   961 | D:2      | Reached skill level 4 in Throwing
  1025 | D:2      | Noticed a centaur
  1035 | D:2      | Shot with an arrow by a centaur

Vault maps used:
D:1:      minmay_arrival_loop
D:2:      lemuel_crystal_altar, serial_glass, glass_columns_a, glass_columns_a,
          due_unseen_surprise, minmay_strange_pillars, minmay_strange_pillars

Skill      XL: |  1  2  3 |
---------------+----------+-----
Dodging        | 2 |  2.4
Throwing       | 4 |  4.0
Fighting       | |  2.9
Stealth        | |  0.8

Action                   || total
-------------------------++-------
Melee: Short sword       ||    37
       Tailslap          ||     8
       Spear             ||    33
  Use: Scroll            ||     3
 Stab: Sleeping          ||     1
Armor: Skin              ||    20
Dodge: Dodged            ||    50

Table legend:
 A = Non-vault XP
 B = Vault XP
 C = Vault XP percentage of total XP
 D = Non-vault monster count
 E = Vault monster count
 F = Vault count percentage of total count
                 A         B        C        D         E       F
            +---------+---------+-------+---------+---------+-------
      Total |      52 |       0 |   0.0 |      25 |       0 |   0.0
            +---------+---------+-------+---------+---------+-------
        D:1 |      28 |       0 |   0.0 |      17 |       0 |   0.0
        D:2 |      24 |       0 |   0.0 |       8 |       0 |   0.0
            +---------+---------+-------+---------+---------+-------
